 Dungeon Crawl Stone Soup version 0.23-a0-673-g3803c42f16 (webtiles) character file.

67 Flugkiller the Magician (level 3, -1/26 HPs)
             Began as a Draconian Wizard on Jan 9, 2019.
             Killed by nerve-wracking pain
             ... invoked by Grinder
              (10 damage)
             ... on level 3 of the Dungeon.
             The game lasted 00:06:00 (2653 turns).

Flugkiller the Magician (Draconian Wizard)          Turns: 2653, Time: 00:06:01

Health: -1/26      AC:  5    Str:  9    XL:     3   Next: 98%
Magic:  3/8        EV: 12    Int: 19    God:
Gold:   188        SH:  0    Dex:  9    Spells: 0/9 levels left

rFire    . . .     SeeInvis .   m - +0 morningstar
rCold    . . .     Gourm    .   (no shield)
rNeg     . . .     Faith    .   (armour unavailable)
rPois    .         Spirit   .   a - +0 hat
rElec    .         Reflect  .   f - scarf {repulsion}
rCorr    .         Harm     .   (no gloves)
MR       .....                  (no boots)
Stlth    ++........             (no amulet)
HPRegen  0.08/turn              (no ring)
MPRegen  0.11/turn              (no ring)

@: repel missiles
A: unfitting armour, cold-blooded, AC +5
a: no special abilities


You were on level 3 of the Dungeon.
You were not hungry.

You visited 1 branch of the dungeon, and saw 3 of its levels.

You collected 188 gold pieces.

Inventory:

Hand Weapons
 m - a +0 morningstar (weapon)
   (You found it on level 2 of the Dungeon)
Armour
 a - a +0 hat (worn)
 f - a scarf of repulsion (worn)
   (You found it on level 1 of the Dungeon)
Jewellery
 i - a +4 ring of dexterity {unknown}
   (You found it on level 2 of the Dungeon)
 n - a +1 ring of evasion {unknown}
   (You found it on level 3 of the Dungeon)
Wands
 q - a wand of acid (6)
   (You found it on level 3 of the Dungeon)
Scrolls
 g - a scroll of teleportation {unknown}
 h - a scroll of blinking {unknown}
 k - 2 scrolls of fear {unknown}
 o - a scroll of amnesia {unknown}
Potions
 b - a potion of mutation {unknown}
 d - a potion of flight {unknown}
 e - a potion of brilliance {unknown}
 j - a potion of invisibility {unknown}
 l - a potion of resistance {unknown}
Comestibles
 c - 2 rations
 p - 8 chunks of flesh


   Skills:
 - Level 1.7 Dodging
 - Level 1.7 Stealth
 + Level 3.5 Spellcasting
 + Level 2.3 Conjurations
 + Level 1.8 Summonings
   Level 1.0 Translocations
 + Level 0.7 Fire Magic
 + Level 0.3 Air Magic
 + Level 0.2 Poison Magic


You couldn't memorise any spells.
You knew the following spells:

 Your Spells              Type           Power        Failure   Level  Hunger
a - Magic Dart            Conj           ##..         5%          1    None
b - Call Imp              Summ           ##......     11%         2    ##.....
c - Conjure Flame         Conj/Fire      #.......     22%         3    ###....
d - Mephitic Cloud        Conj/Pois/Air  #.......     28%         3    ###....

Your spell library contained the following spells:

 Spells                   Type           Power        Failure   Level  Hunger
 Blink                    Tloc           N/A          14%         2    ##.....
 Slow                     Hex            #.......     22%         2    ##.....


Dungeon Overview and Level Annotations

Branches:
Dungeon (3/15)

Altars:
Elyvilon
Wu Jian
The Shining One

Annotations:
D:3 Grinder


Innate Abilities, Weirdness & Mutations

Your plain brown scales are hard. (AC +5)
You cannot fit into any form of body armour.
You are cold-blooded and may be slowed by cold attacks.


Message History

You hit the orc but do no damage. The orc hits you with a +0 flail.
Your white imp hits the orc.
Your white imp freezes the orc.
The orc dies!
You puncture the orc!
You kill the orc!
You sock the orc!
You kill the orc!
Your crimson imp disappears in a puff of smoke!
You hit the orc.
The orc is moderately wounded.
Your white imp hits the orc.
Your white imp freezes the orc.
The orc dies!
Your white imp gestures at Grinder.
The puff of frost hits Grinder.
Grinder resists.
Your white imp hits Grinder.
Your white imp freezes Grinder.
Grinder completely resists.
Grinder misses you.
Unknown command.
You barely miss Grinder. You tail-slap Grinder.
Grinder is lightly wounded.
Grinder hits you but does no damage.
Your white imp hits Grinder but does no damage.
Some of the chunks of flesh in your inventory have rotted away.
Unknown command.
You closely miss Grinder.
Grinder is lightly wounded.
Grinder says, "Mostly I couldn't keep them alive."
Grinder hits you!
You writhe in agony.
* * * LOW HITPOINT WARNING * * *
Your white imp gestures at Grinder.
The puff of frost hits Grinder.
Grinder resists.
Grinder closely misses you.
Your white imp gestures at Grinder.
The puff of frost hits Grinder.
Grinder resists.
Casting: Call Imp (safe; 11% risk of failure)
Confirm with . or Enter, or press ? or * to list all spells.
A beastly little devil appears in a puff of flame.
Your white imp hits Grinder but does no damage.
Grinder hits you.
* * * LOW HITPOINT WARNING * * *
You writhe in agony.
* * * LOW HITPOINT WARNING * * *
You swap places.
Grinder misses your crimson imp.
Your crimson imp blinks!
Your white imp barely misses Grinder.
Unknown command.
Casting: Call Imp (safe; 11% risk of failure)
Confirm with . or Enter, or press ? or * to list all spells.
A beastly little devil appears in a puff of frigid air.
Grinder gestures at you. Pain shoots through your body!
You die...

###5#.)..........#.#..#
#...#..).........#.#..#
###.##...........#.#..###.#
#.##...#................#
#.##...#.#######.#.######
#.##...#.##......###
#.##...#.##.####<#
#.##...#.##.####.#
#........#5..@.5.#
##########†5#########
#..#.......# ####
#..#.......##...
#..'..........#
#.##...§......#
#.##.....#....#
#.##.o####....##.
#.##..o..oo.......


You could see Grinder and 2 friendly white imps.

Vanquished Creatures
  A worm (D:2)
  5 orcs (D:3)
  2 bats
  A giant cockroach (D:1)
  2 hobgoblins (D:1)
  5 frilled lizards
  3 goblins
  3 kobolds
  4 rats
26 creatures vanquished.

Vanquished Creatures (collateral kills)
  2 adders (D:2)
  A worm (D:2)
  4 orcs (D:3)
  A ball python (D:3)
  2 bats (D:3)
  A giant cockroach (D:2)
  5 hobgoblins
  4 jackals (D:2)
  3 frilled lizards (D:2)
  3 rats
26 creatures vanquished.

Vanquished Creatures (others)
  An adder (D:3)
  A jackal (D:3)
2 creatures vanquished.

Grand Total: 54 creatures vanquished

Notes
Turn   | Place    | Note
-------+----------+-------------------------------------------
     0 | D:1      | Flugkiller the Draconian Wizard began the quest for the
                  | Orb.
     0 | D:1      | Reached XP level 1. HP: 14/14 MP: 4/4
   591 | D:1      | Reached XP level 2. HP: 19/20 MP: 1/6
   658 | D:1      | Learned a level 2 spell: Call Imp
  1427 | D:2      | Reached XP level 3. HP: 26/26 MP: 7/7
  1473 | D:2      | Found a white marble altar of Elyvilon.
  1842 | D:2      | Found a glowing golden altar of the Shining One.
  1844 | D:2      | Found an ornate altar of the Wu Jian Council.
  1970 | D:2      | Learned a level 3 spell: Conjure Flame
  1974 | D:2      | Learned a level 3 spell: Mephitic Cloud
  2625 | D:3      | Noticed Grinder
  2653 | D:3      | Killed from afar by Grinder

Vault maps used:
D:1:      minmay_arrival_loop, minmay_fountain_box
D:2:      chequers_temple_overflow_statue_of_worship, lemuel_round_altar,
          first_ration, minivault_23, minmay_increasing_density
D:3:      fiery_altar_vehumet, minmay_pentangle, uniq_grinder

Skill      XL: |  1  2 |
---------------+-------+-----
Conjurations   | 2 |  2.3
Dodging        | |  1.7
Stealth        | |  1.7
Spellcasting   | |  3.5
Summonings     | |  1.8
Translocations | |  1.0
Fire Magic     | |  0.7
Air Magic      | |  0.3
Poison Magic   | |  0.2

Action                   || total
-------------------------++-------
Melee: Unarmed           ||    52
       Tailslap          ||    10
       Morningstar       ||    50
 Cast: Magic Dart        ||    30
       Call Imp          ||    37
 Stab: Sleeping          ||     1
  Eat: Chunk             ||     7
Armor: Skin              ||    54
Dodge: Dodged            ||   102

Table legend:
 A = Non-vault XP
 B = Vault XP
 C = Vault XP percentage of total XP
 D = Non-vault monster count
 E = Vault monster count
 F = Vault count percentage of total count
                 A         B        C        D         E       F
            +---------+---------+-------+---------+---------+-------
      Total |      80 |      16 |  16.7 |      44 |       8 |  15.4
            +---------+---------+-------+---------+---------+-------
        D:1 |      17 |       0 |   0.0 |      11 |       0 |   0.0
        D:2 |      30 |      16 |  34.8 |      14 |       8 |  36.4
        D:3 |      33 |       0 |   0.0 |      19 |       0 |   0.0
            +---------+---------+-------+---------+---------+-------
